AoeStats
← Taskyr

Arabia

509809440Analyzed
1v1 RM · 6d ago on Sep 28, 2026· 39m 33s· 2 players
Game mode
Random Map
Map size
Tiny (2 player)
Population
200
Speed
Normal
Resources
Standard
Victory
Conquest
Starting age
Dark Age
Ending age
Imperial Age
RankedLock teamsTeams togetherTeam positionsShared explorationLock speedFull tech treeHidden civsTurbo modeCheats
Victory
Defeat
🇻🇳 Khmer · Vietnam
677
+16
🇺🇸 Bulgarians · United States
667
-16
Taskyr
8:12 Loom
11:41 Feudal Age
16:59 Forging
17:16 Scale Mail Armor
22:23 Castle Age
22:06 Arson
23:46 Fletching
23:51 Elite Skirmisher
27:44 Bloodlines
27:34 Husbandry
giathang.tran.39
1:29 Loom
11:32 Feudal Age
17:51 Castle Age
16:04 Double-Bit Axe
16:50 Man-at-Arms
17:31 Horse Collar
18:37 Scale Mail Armor
18:47 Arson
20:47 Forging
22:58 Padded Archer Armor
22:48 Fletching
23:39 Chain Mail Armor
24:36 Long Swordsman
26:08 Leather Archer Armor
27:39 Scale Barding Armor
28:28 Bodkin Arrow
Connection lost

Rejoining the realm…

Still unreachable

The connection could not be restored.

Session expired

The server has moved on; the page needs a fresh start.